 Dungeon Crawl Stone Soup version 0.30.1-11-g7821555f0a (webtiles) character file.

Game seed: 1916107917691138203

165 hawla the Firebug (level 5, -3/28 HPs)
             Began as a Deep Elf Fire Elementalist on Oct 27, 2023.
             Slain by a black bear (4 damage)
             ... on level 3 of the Dungeon.
             The game lasted 00:05:37 (2408 turns).

hawla the Firebug (Deep Elf Fire Elementalist)      Turns: 2408, Time: 00:05:38

Health: -3/28      AC:  2    Str:  5    XL:     5   Next: 21%
Magic:  1/14       EV: 13    Int: 22    God:
Gold:   99         SH:  0    Dex: 15    Spells: 10/13 levels left

rFire   . . .        (no weapon)
rCold   . . .        (no shield)
rNeg    . . .        a - +0 robe
rPois   .            (no helmet)
rElec   .            (no cloak)
rCorr   .            (no gloves)
SInv    .            (no boots)
Will    .....        (no amulet)
Stlth   ++           (no ring)
HPRegen 0.24/turn    (no ring)
MPRegen 0.14/turn

%: no passive effects
@: no status effects
A: no striking features
a: no special abilities


You were on level 3 of the Dungeon.
You visited 1 branch of the dungeon, and saw 3 of its levels.

You collected 99 gold pieces.

Inventory:

Armour
 a - a +0 robe (worn)
Jewellery
 c - a ring of poison resistance
Potions
 b - a potion of mutation {unknown}
 d - a potion of heal wounds
 e - a potion of brilliance {unknown}
 f - a potion of might {unknown}


   Skills:
 + Level 0.3 Fighting
 + Level 3.1 Dodging
 + Level 3.0 Stealth
 + Level 4.7 Spellcasting
 + Level 2.0 Conjurations
 + Level 4.8 Fire Magic


You had 10 spell levels left.
You knew the following spells:

 Your Spells              Type           Power      Damage    Failure   Level
a - Foxfire               Conj/Fire      80%        2x1d8     2%          1
b - Scorch                Fire           52%        2d7       2%          2

Your spell library contained the following spells:

 Spells                   Type           Power      Damage    Failure   Level
 Sandblast                Erth           10%        2d5       11%         1
 Inner Flame              Hex/Fire       15%        N/A       12%         3
 Volatile Blastmotes      Fire/Tloc      30%        2d12      12%         3
 Passwall                 Tmut/Erth      4%         N/A       16%         2
 Stone Arrow              Conj/Erth      18%        3d8       21%         3
 Flame Wave               Conj/Fire      20%        2d7       26%         4
 Tukima's Dance           Hex            5%         N/A       30%         3
 Passage of Golubria      Tloc           5%         N/A       71%         4
 Yara's Violent Unravell  Hex/Tmut       2%         3d3       96%         5


Dungeon Overview and Level Annotations

Branches:
Dungeon (3/15)

Altars:

Shops:
D:1 [


Message History

Casting: Scorch (safe; 2% risk of failure)
Confirm with . or Enter, or press ? or * to list all spells.
You conjure some foxfire!
A goblin comes into view. It is wielding a +0 club.
Casting: Foxfire (safe; 2% risk of failure)
Confirm with . or Enter, or press ? or * to list all spells.
Flames lash the giant cockroach.
You kill the giant cockroach!
The foxfire hits the black bear.
The black bear is moderately wounded.
The foxfire hits the black bear.
The black bear is moderately wounded.
Casting: Scorch (safe; 2% risk of failure)
Confirm with . or Enter, or press ? or * to list all spells.
You conjure some foxfire!
The foxfire hits the black bear.
The black bear is heavily wounded.
Casting: Foxfire (safe; 2% risk of failure)
Confirm with . or Enter, or press ? or * to list all spells.
You conjure some foxfire!
You barely miss the black bear.
The black bear is heavily wounded.
The foxfire hits the black bear.
The black bear is heavily wounded.
The foxfire hits the black bear.
The black bear is severely wounded.
The black bear goes berserk!
Okay, then.
The black bear barely misses you. The black bear claws you.
The black bear closely misses you.
The black bear attacks as you move away!
The black bear bites you. The black bear claws you.
The black bear claws you but does no damage.
The black bear bites you. The black bear claws you.
The black bear completely misses you.
The black bear attacks as you move away!
The black bear bites you!
* * * LOW HITPOINT WARNING * * *
The black bear closely misses you. The black bear completely misses you.
Found a spear.
The black bear completely misses you. The black bear claws you.
You die...

########### ##
#.........# ..###
#.#######.#####.....)
#.# #..gh@....# #.#
#†######### #.# ..†.
#.# #.#.#. #.#
#....... ####.# ##
.#. ## #....#### .[ .
#.#.....# .# #.
...<#####


You could see a black bear (berserk) and a goblin.

Vanquished Creatures
  An orc priest (D:2)
  An orc wizard (D:2)
  Robin (D:2)
  A gnoll (D:1)
  2 adders (D:2)
  An orc (D:3)
  2 endoplasms
  2 giant cockroaches (D:3)
  10 goblins
  13 hobgoblins
  3 kobolds
  6 quokkas
  15 ball pythons
  3 bats
  2 frilled lizards
  6 rats
69 creatures vanquished.

Vanquished Creatures (others)
  96 foxfires
96 creatures vanquished.

Grand Total: 165 creatures vanquished

Notes
Turn   | Place    | Note
-------+----------+-------------------------------------------
     0 | D:1      | hawla the Deep Elf Fire Elementalist began the quest for
                  | the Orb.
     0 | D:1      | Reached XP level 1. HP: 10/10 MP: 6/6
   272 | D:1      | Reached XP level 2. HP: 15/15 MP: 5/8
   275 | D:1      | Learned a level 2 spell: Scorch
   495 | D:1      | Found Hicostraw's Armour Emporium.
   665 | D:1      | Reached XP level 3. HP: 19/19 MP: 4/9
  1400 | D:2      | Noticed Robin
  1678 | D:2      | Reached XP level 4. HP: 24/24 MP: 5/11
  1757 | D:2      | Killed Robin
  2134 | D:2      | Reached XP level 5. HP: 5/28 MP: 5/14
  2387 | D:3      | Noticed a black bear
  2408 | D:3      | HP: 1/28 [black bear (10)]
  2408 | D:3      | Slain by a black bear

Illustrated notes

Levels and vault maps discovered:
D:1:      scummos_arrival_simple_crosswalls, layout_loops_ring, serial_shops,
          shop, dreamdust_princess_corridor
D:2:      layout_rooms, serial_forest, infiniplex_forest_lined_room_3,
          infiniplex_forest_end_double, infiniplex_forest_zigzag_1,
          infiniplex_forest_straight_4, minmay_shallow_snake_nest, uniq_robin
D:3:      minmay_spotlight, layout_loops_ring, kennysheep_orc_sif_temple,
          kennysheep_slug_shrine

Skill      XL: |  1  2  3  4  5 |
---------------+----------------+-----
Fire Magic     | 4 |  4.8
Spellcasting   | 4 |  4.7
Dodging        | 3 |  3.1
Conjurations   | 2 |  2.0
Stealth        | 3 |  3.0
Fighting       | |  0.3

Action                     |  1- 3 |  4- 6 || total
---------------------------+-------+-------++-------
  Melee: Unarmed           |    37 |    12 ||    49
   Cast: Foxfire           |    33 |    27 ||    60
         Scorch            |    13 |    17 ||    30
    Use: Scroll            |     1 |       ||     1
         Potion            |       |     1 ||     1
   Stab: Sleeping          |     1 |       ||     1
 Armour: Robe              |     9 |     9 ||    18
  Dodge: Dodged            |    43 |    27 ||    70
